 Dungeon Crawl Stone Soup version 0.20.0-8-g6b59dc7 (webtiles) character file.

65 Rrauwl the Skirmisher (level 4, 0/26 HPs)
             Began as a Gargoyle Berserker on June 2, 2017.
             Was a Follower of Trog.
             Splashed by a jelly's acid (7 damage)
             ... on level 1 of the Dungeon.
             The game lasted 00:02:19 (608 turns).

Rrauwl the Skirmisher (Gargoyle Berserker)           Turns: 608, Time: 00:02:20

Health: 0/26       AC:  0    Str: 20    XL:     4   Next: 13%
Magic:  4/4        EV:  9    Int: 13    God:    Trog [*.....]
Gold:   47         SH:  7    Dex: 10    Spells: 3/3 levels left

rFire    . . .     SeeInvis .   a - +0 mace
rCold    . . .     Gourm    .   j - +0 shield
rNeg     + . .     Faith    .   b - +0 animal skin
rPois    ∞         Spirit   .   (no helmet)
rElec    +         Reflect  .   (no cloak)
rCorr    .         Harm     .   (no gloves)
MR       .....                  (no boots)
Stlth    +.........             (no amulet)
Regen    0.1/turn               (no ring)
MPRegen  0.1/turn               (no ring)

@: brilliant, corroded, berserk cooldown, slowed, very slow
A: deformed body, frail 1, negative energy resistance 1, electricity resistance,
wild magic 1, unbreathing, petrification resistance, rot immunity, AC +3
a: Berserk, Burn Spellbooks, Renounce Religion


You were on level 1 of the Dungeon.
You worshipped Trog.
Trog was aware of your devotion.
You were not hungry.

You visited 1 branch of the dungeon, and saw 1 of its levels.

You collected 47 gold pieces.

Inventory:

Hand Weapons
 a - a +0 mace (weapon)
Armour
 b - a +0 animal skin (worn)
 j - a +0 shield (worn)
Scrolls
 e - a scroll of teleportation {unknown}
 h - a scroll of amnesia {unknown}
Comestibles
 c - a bread ration
 f - a royal jelly


   Skills:
 + Level 3.9 Fighting
 + Level 3.9 Maces & Flails
 + Level 2.2 Armour
 + Level 2.2 Dodging


You had 3 spell levels left.
You didn't know any spells.

Dungeon Overview and Level Annotations

Branches:
Dungeon (1/15)

Altars:


Innate Abilities, Weirdness & Mutations

You are resistant to torment.
Your stone body is resilient. (AC +3)
You are immune to poison.
You resist negative energy. (rN+)
You are resistant to electric shocks. (rElec)
You can survive without breathing.
You are immune to petrification.
You are immune to rotting.
Armour fits poorly on your strangely shaped body.
You are frail. (-10% HP)
Your spells are a little harder to cast, but a little more powerful.


Message History

You kill the jackal!
Trog accepts your kill.
You are no longer berserk.
You are exhausted.
You feel yourself slow down.
The jackal bites you but does no damage.
The jackal barely misses you.
You sock the jackal!
You kill the jackal!
Trog accepts your kill. You block the jelly's attack.
You hit the jelly but do no damage.
Your hands burn!
You block the jelly's attack. The jelly hits you but does no damage.
You hit the jelly.
Your hands burn!
* * * LOW HITPOINT WARNING * * *
The jelly is moderately wounded.
You block the jelly's attack. The jelly hits you.
* * * LOW HITPOINT WARNING * * *
The acid corrodes you!
You are splashed with acid!
The acid burns!
You die...

.."..#.....)....# #.##.##
..####..........# #.##... ..#
###..##.##############.####. ..#
##...................# #. ..#
#..###+#######+###..# ## ###
#..#..⌠...>...⌠..#..# ###
#..#......<......#..# #.. ###
#..'⌠...†###....⌠'..# #.# ..#
#..#....@J.......#..###.. ..#
#..#######†#######..##... ..#
#..#........?....#..##... ..##
#..#.$...).......#..##... ...#
#..#.............#..##...
...######..###############..##...
...#...##.....).............##...
.......##...................##...
##.....######.##.#..##.#######...


You could see a jelly.

Vanquished Creatures
  A jelly (D:1)
  3 oozes (D:1)
  4 giant cockroaches (D:1)
  4 hobgoblins (D:1)
  5 jackals (D:1)
  A kobold (D:1)
  2 rats (D:1)
20 creatures vanquished.

Notes
Turn   | Place    | Note
-------+----------+-------------------------------------------
     0 | D:1      | Rrauwl the Gargoyle Berserker began the quest for the Orb.
     0 | D:1      | Reached XP level 1. HP: 14/14 MP: 1/1
     0 | D:1      | Noticed a jelly
     0 | D:1      | Noticed a jelly
     1 | D:1      | Found a runed door.
   171 | D:1      | Reached XP level 2. HP: 16/19 MP: 2/2
   574 | D:1      | Gained mutation: Your body sometimes deteriorates upon taking damage. [potion of mutation]
   574 | D:1      | Gained mutation: You can translocate small distances at will. [potion of mutation]
   575 | D:1      | Lost mutation: You can translocate small distances at will. [potion of mutation]
   575 | D:1      | Lost mutation: Your body sometimes deteriorates upon taking damage. [potion of mutation]
   575 | D:1      | Gained mutation: Armour fits poorly on your strangely shaped body. [potion of mutation]
   575 | D:1      | Gained mutation: You are frail. (-10% HP) [potion of mutation]
   575 | D:1      | Gained mutation: Your spells are a little harder to cast, but a little more powerful. [potion of mutation]
   589 | D:1      | Reached XP level 3. HP: 20/21 MP: 3/3
   598 | D:1      | Reached XP level 4. HP: 18/26 MP: 4/4
   608 | D:1      | Splashed by a jelly's acid

Skill      XL: |  1  2 |
---------------+-------+-----
Dodging        | 2 |  2.2
Fighting       | |  3.9
Maces & Flails | |  3.9
Armour         | |  2.2

Action                   |  1- 3 |  4- 6 || total
-------------------------+-------+-------++-------
Melee: Mace              |    39 |    10 ||    49
Invok: Berserk           |     1 |       ||     1
  Use: Scroll            |     2 |       ||     2
       Potion            |     4 |       ||     4
Armor: Animal skin       |    10 |     5 ||    15
Dodge: Dodged            |    13 |     4 ||    17
Block: Shield            |     4 |     4 ||     8
